 Dungeon Crawl Stone Soup version 0.30-a0-860-g512cf1e979 (webtiles) character file.

Game seed: 1096660895813509394

35 arbi1337 the Chopper (level 3, -3/29 HPs)
             Began as a Human Chaos Knight on Mar 8, 2023.
             Was a Plaything of Xom.
             Slain by an ice beast (5 damage)
             ... on level 2 of the Dungeon.
             The game lasted 00:02:20 (653 turns).

arbi1337 the Chopper (Human Chaos Knight)            Turns: 653, Time: 00:02:29

Health: -3/29      AC:  7    Str: 12    XL:     3   Next: 52%
Magic:  3/3        EV: 11    Int: 12    God:    Xom [*.....]
Gold:   23         SH:  0    Dex: 14    Spells: 2/2 levels left

rFire   . . .      SeeInvis .    a - +0 hand axe (chaos)
rCold   . . .      Faith    .    (no shield)
rNeg    . . .      Spirit   .    b - +2 leather armour
rPois   .          Reflect  .    (no helmet)
rElec   .          Rampage  .    (no cloak)
rCorr   .                        (no gloves)
Will    .....                    (no boots)
Stlth   +                        (no amulet)
HPRegen 0.24/turn                (no ring)
MPRegen 0.08/turn                (no ring)

@: hasted, unable to read, very quick
A: iridescent scales 1
a: Renounce Religion


You were on level 2 of the Dungeon.
You worshipped Xom.
You were a special plaything of Xom.
You visited 1 branch of the dungeon, and saw 2 of its levels.

You collected 23 gold pieces.

Inventory:

Hand Weapons
 a - a +0 hand axe of chaos (weapon)
Armour
 b - a +2 leather armour (worn)
Jewellery
 g - a ring of see invisible
Scrolls
 e - a scroll of fear {unknown}
Miscellaneous
 c - a piece from Xom's chessboard (15/15) (quivered)


   Skills:
 + Level 3.3 Fighting
 + Level 3.6 Axes
 + Level 2.2 Armour
 + Level 1.3 Dodging


You had 2 spell levels left.
You didn't know any spells.
Your spell library contained the following spells:

 Spells                   Type           Power      Damage    Failure   Level
 Animate Dead             Necr           0%         N/A       99%         4
 Borgnjor's Vile Clutch   Necr/Erth      0%         N/A       100%        5
 Death Channel            Necr           0%         N/A       100%        6


Dungeon Overview and Level Annotations

Branches:
Dungeon (2/15)

Altars:


Innate Abilities, Weirdness & Mutations

You are partially covered in iridescent scales. (AC +2)


Message History

You slash the worm!
The worm is poisoned.
The worm is heavily wounded.
You barely miss the worm.
The worm is heavily wounded.
The worm bites you.
You barely miss the worm.
The worm is heavily wounded.
You hear Xom's avuncular chuckle.
The worm evaporates and reforms as an ice beast!
The ice beast hits you. The ice beast freezes you.
You barely miss the ice beast.
The ice beast is heavily wounded.
The ice beast closely misses you.
The frilled lizard hisses angrily.
You hit the ice beast.
You melt the ice beast.
The ice beast is almost dead.
The ice beast hits you but does no damage.
You hit the ice beast but do no damage.
The ice beast is almost dead.
The ice beast hits you. The ice beast freezes you!
You feel threatened and lose the ability to read scrolls!
* * * LOW HITPOINT WARNING * * *
You closely miss the ice beast.
The ice beast is almost dead.
A rat comes into view.
The ice beast closely misses you.
It was a potion of mutation.
You feel extremely strange.
Your urge to shout disappears.
You no longer become unable to read scrolls after taking damage.
You regain control of your magic.
Iridescent scales grow over part of your body.
Xom roars with laughter!
The ice beast misses you.
It was a potion of haste.
You feel yourself speed up.
Xom roars with laughter!
The ice beast hits you.
* * * LOW HITPOINT WARNING * * *
The ice beast freezes you.
You die...
Xom snickers!

.... #........
..... #......#
.....##......##
...............
...$)..........
......#l#
......Sw#
#######Y#
#########@##
#..<.......#
#.#.###.#........
.. #.#
#.#..##...# #.
#.# #.......... #
#.# #.#..##.#.#
#.. .....# # #
... ..#..#
#####.#...


You could see an ice beast, a worm, a ball python and a frilled lizard.

Vanquished Creatures
  A gnoll (D:1)
  A dart slug (D:1)
  3 ball pythons (D:1)
  An endoplasm (D:1)
  A giant cockroach (D:2)
  A goblin (D:1)
  5 hobgoblins
  4 jackals (D:1)
  A kobold (D:2)
  A rat (D:1)
19 creatures vanquished.

Notes
Turn   | Place    | Note
-------+----------+-------------------------------------------
     0 | D:1      | arbi1337 the Human Chaos Knight began the quest for the
                  | Orb.
     0 | D:1      | Reached XP level 1. HP: 18/18 MP: 1/1
    22 | D:1      | XOM: silly message
    26 | D:1      | XOM: give mutations
    26 | D:1      | Gained mutation: You occasionally lose the ability to read
                  | scrolls when taking damage. [Xom's mischief]
    26 | D:1      | Gained mutation: Your spells are a little harder to cast,
                  | but a little more powerful. [Xom's mischief]
    26 | D:1      | Gained mutation: You occasionally shout uncontrollably at
                  | your foes. [Xom's mischief]
    34 | D:1      | Reached XP level 2. HP: 21/24 MP: 2/2
    37 | D:1      | XOM: blink monster(s)
   154 | D:1      | Reached XP level 3. HP: 22/29 MP: 3/3
   160 | D:1      | XOM: blink monster(s)
   255 | D:1      | XOM: swap monsters
   647 | D:2      | a worm changed into an ice beast
   647 | D:2      | Noticed an ice beast
   647 | D:2      | XOM: polymorph worm -> ice beast
   652 | D:2      | Lost mutation: You occasionally shout uncontrollably at
                  | your foes. [potion of mutation]
   652 | D:2      | Lost mutation: You occasionally lose the ability to read
                  | scrolls when taking damage. [potion of mutation]
   652 | D:2      | Lost mutation: Your spells are a little harder to cast, but
                  | a little more powerful. [potion of mutation]
   652 | D:2      | Gained mutation: You are partially covered in iridescent
                  | scales. (AC +2) [potion of mutation]
   653 | D:2      | Slain by an ice beast

Illustrated notes

Levels and vault maps discovered:
D:1:      elethiomel_arrival_shortcut, layout_basic
D:2:      layout_basic, serial_shops, nicolae_shop_overgrown_old_shop

Action                     || total
---------------------------++-------
  Melee: Hand axe          ||    51
    Use: Potion            ||     2
 Armour: Leather armour    ||    31
  Dodge: Dodged            ||    50

Table legend: (Time is in decaauts)
 A = Elapsed time spent in this place.
 B = Non-inter-level travel time spent in this place.
 C = Inter-level travel time spent in this place.
 D = Time resting spent in this place.
 E = Time spent auto-exploring this place.
 F = Levels seen in this place.
 G = Mean time per level.
                   A        B        C        D        E       F      G
               +--------+--------+--------+--------+--------+-----+--------+
         Total |    659 |    659 |      0 |      0 |    408 |   2 |  329.5 |
       Dungeon |    659 |    659 |      0 |      0 |    408 |   2 |  329.5 |
               +--------+--------+--------+--------+--------+-----+--------+

Top non-repeatable levels by time:
     D:1: 622 daAuts
     D:2: 36 daAuts
